 Dungeon Crawl Stone Soup version 0.20-a0-1033-g05abe66 (webtiles) character file.

593 Herrn the Skirmisher (level 7, 0/57 HPs)
             Began as a Formicid Wanderer on Apr 21, 2017.
             Slain by an ogre
             ... wielding a +0 giant spiked club
              (16 damage)
             ... on level 4 of the Dungeon.
             The game lasted 00:08:31 (4986 turns).

Herrn the Skirmisher (Formicid Wanderer)            Turns: 4986, Time: 00:08:32

Health: 0/57       AC:  6    Str: 14 (15) XL:     7   Next: 67%
Magic:  11/11      EV: 12    Int: 14 (16) God:
Gold:   178        SH:  0    Dex:  8 (9)  Spells: 12/12 levels left

rFire    . . .     SeeInvis +   w - +0 war axe
rCold    . . .     Gourm    .   (no shield)
rNeg     . . .     Faith    .   y - +0 ring mail
rPois    .         Spirit   .   (helmet unavailable)
rElec    .         Reflect  .   n - +0 cloak
rCorr    .         Harm     .   (no gloves)
MR       .....                  (no boots)
Stlth    +.........             (no amulet)
Regen    0.2/turn               q - ring of wizardry
MPRegen  0.2/turn               (no ring)

@: no status effects
A: permanent stasis, dig shafts and tunnels, four strong arms, antennae 3
a: Dig, Shaft Self


You were on level 4 of the Dungeon.
You were near starving.

You visited 1 branch of the dungeon, and saw 4 of its levels.

You collected 178 gold pieces.

Inventory:

Hand Weapons
 a - a +2 spear
 m - a +1 dagger of venom
 v - a +0 hand axe
 w - a +0 war axe (weapon)
Armour
 d - a +0 robe
 n - a +0 cloak (worn)
 p - a +1 animal skin
 y - a +0 ring mail (worn)
Jewellery
 i - an uncursed amulet of harm {unknown}
 q - a ring of wizardry (left hand)
Wands
 z - a wand of enslavement (18/24)
Scrolls
 e - 3 scrolls of remove curse {unknown}
 h - a scroll of enchant weapon {unknown}
 j - a scroll of blinking {unknown}
 k - 2 scrolls of immolation {unknown}
 l - 2 scrolls of fear {unknown}
 r - a scroll of recharging {unknown}
 s - 3 scrolls of random uselessness {unknown}
 t - a scroll of noise {unknown}
 u - a scroll of enchant armour {unknown}
 x - 2 scrolls of teleportation {unknown}
 B - a scroll of identify {unknown}
Books
 b - Josyech's Papyrus of Stones

   Spells                             Type                      Level
   a - Sandblast                      Earth                        1
   b - Stone Arrow                    Conjuration/Earth            3
Comestibles
 f - 2 bread rations
 A - a royal jelly


   Skills:
 + Level 5.8 Fighting
 - Level 0.2 Short Blades
 * Level 2.1 Axes
 + Level 1.8 Armour
 + Level 4.4 Dodging
 - Level 1.2 Stealth
 - Level 3.2 Spellcasting
   Level 2.0 Ice Magic
 + Level 1.1 Evocations


You had 12 spell levels left.
You didn't know any spells.

Dungeon Overview and Level Annotations

Branches:
Dungeon (4/15)
 Temple: D:4-7

Altars:
Fedhas

Annotations:
D:3 Rrauwl's ghost, amateur DENe


Innate Abilities, Weirdness & Mutations

You cannot be hasted, slowed, berserked, paralysed or teleported.
You can dig through walls and to a lower floor.
Your four strong arms can wield two-handed weapons with a shield.
You have a pair of large antennae on your head. (SInv)


Message History

You are too injured to fight recklessly!
You are too injured to fight recklessly!
You are too injured to fight recklessly!
You are too injured to fight recklessly!
You are too injured to fight recklessly!
You are too injured to fight recklessly!
You are too injured to fight recklessly!
You are too injured to fight recklessly!
You are too injured to fight recklessly!
You are too injured to fight recklessly!
You are too injured to fight recklessly!
You are too injured to fight recklessly!
You are too injured to fight recklessly!
You closely miss the ogre.
The ogre is lightly wounded.
The ogre misses you.
You hit the ogre.
The ogre is moderately wounded.
The ogre hits you with a giant spiked club!
You die...

..{..)...#
#(#.##..##
.#.#.###.#
#.#.##....
....S....#
#.#.###.##
########.#
#.#.###.# #.#
#>...##.# #w#
#.....#.# #o#
#.......# #O#
#..^..#### #@#
##...## #. #.#
#####.## #. #.#
#.....# #. #.#
#.##### #. #.# #.#
#. #.# #.# #. #.#
#.# #.
#.#####.#########.
#.................


You could see an ogre, a dart slug and an orc.

Vanquished Creatures
  The ghost of tilp the Chopper, an amateur MiBe of Trog (D:4)
  A crimson imp (D:3)
  An iguana (D:4)
  An orc wizard (D:4)
  A hound skeleton (D:3)
  Robin (D:2)
  6 gnolls
  8 adders
  2 oozes (D:2)
  3 worms
  2 dart slugs
  3 leopard geckos
  13 orcs
  3 giant cockroaches
  17 goblins
  8 hobgoblins
  6 jackals
  10 kobolds
  2 quokkas
  3 ball pythons
  A ball python skeleton (D:4)
  11 bats
  6 frilled lizards
  6 rats
116 creatures vanquished.

Vanquished Creatures (others)
  5 toadstools (D:1)
5 creatures vanquished.

Grand Total: 121 creatures vanquished

Notes
Turn   | Place    | Note
-------+----------+-------------------------------------------
     0 | D:1      | Herrn the Formicid Wanderer began the quest for the Orb.
     0 | D:1      | Herrn set off with: a +2 spear, Josyech's Papyrus of Stones, a potion of curing, a +0 robe, a bread ration
     0 | D:1      | Reached XP level 1. HP: 16/16 MP: 4/4
   308 | D:1      | Reached XP level 2. HP: 15/23 MP: 6/6
   531 | D:1      | Reached skill level 3 in Fighting
   685 | D:1      | Reached XP level 3. HP: 20/29 MP: 7/7
  1058 | D:2      | Reached skill level 1 in Dodging
  1082 | D:2      | Noticed Robin
  1108 | D:2      | Killed Robin
  1108 | D:2      | Reached XP level 4. HP: 18/36 MP: 8/8
  1376 | D:2      | Reached skill level 4 in Fighting
  1601 | D:2      | Reached XP level 5. HP: 39/42 MP: 9/9
  2719 | D:3      | Reached XP level 6. HP: 36/50 MP: 10/10
  2849 | D:3      | Reached skill level 5 in Fighting
  3559 | D:3      | Noticed Rrauwl's ghost (amateur DENe)
  4035 | D:4      | Reached skill level 1 in Axes
  4180 | D:4      | Noticed tilp's ghost (amateur MiBe)
  4253 | D:4      | Killed tilp's ghost
  4253 | D:4      | Reached XP level 7. HP: 26/57 MP: 11/11
  4467 | D:4      | Found a blossoming altar of Fedhas.
  4986 | D:4      | Slain by an ogre

Vault maps used:
D:1:      ldierk_walled_garden, minmay_split_cup_small
D:2:      kennysheep_cross_room, guppyfry_early_orc_mine, uniq_robin
D:4:      nicolae_overflow_hidden_temple, first_bread, st_stairs_2

Skill      XL: |  1  2  3  4  5  6  7 |
---------------+----------------------+-----
Fighting       | 3 4 5 |  5.8
Dodging        | 1 2 4 |  4.4
Axes           | 1 2 |  2.1
Short Blades   | |  0.2
Armour         | |  1.8
Stealth        | |  1.2
Spellcasting   | |  3.2
Ice Magic      | |  2.0
Evocations     | |  1.1

Action                   |  1- 3 |  4- 6 |  7- 9 || total
-------------------------+-------+-------+-------++-------
Melee: Spear             |    83 |     4 |       ||    87
       Dagger            |       |   338 |       ||   338
       War axe           |       |    19 |    30 ||    49
 Abil: Dig               |     1 |     4 |     2 ||     7
  Use: Potion            |     1 |     3 |     3 ||     7
 Stab: Sleeping          |     1 |     3 |       ||     4
  Eat: Chunk             |       |     8 |       ||     8
       Bread ration      |       |     1 |       ||     1
Armor: Robe              |    21 |       |       ||    21
       Animal skin       |       |    50 |       ||    50
       Skin              |       |    33 |       ||    33
       Ring mail         |       |     8 |     4 ||    12
Dodge: Dodged            |    49 |   211 |    15 ||   275
